 Dungeon Crawl Stone Soup version 0.29.0-13-gc9e81de378 (webtiles) character file.

Game seed: 9503543160596801777

135 SensoryNuts the Trooper (level 4, -9/35 HPs)
             Began as a Demonspawn Fighter on Sept 7, 2022.
             Killed from afar by an orc wizard (10 damage)
             ... with a puff of flame
             ... on level 3 of the Dungeon.
             The game lasted 00:02:54 (3199 turns).

SensoryNuts the Trooper (Demonspawn Fighter)        Turns: 3199, Time: 00:02:55

Health: -9/35      AC:  8    Str: 16    XL:     4   Next: 96%
Magic:  4/4        EV:  9    Int: 10    God:
Gold:   104        SH:  5    Dex: 14    Spells: 3/3 levels left

rFire   . . .      SeeInvis .   a - +0 long sword
rCold   . . .      Faith    .   c - +0 buckler
rNeg    . . .      Spirit   .   b - +0 scale mail
rPois   .          Reflect  .   (no helmet)
rElec   .          Harm     .   (no cloak)
rCorr   .          Rampage  .   e - +0 pair of gloves
Will    .....                   (no boots)
Stlth   ..........              (no amulet)
HPRegen 0.11/turn               (no ring)
MPRegen 0.09/turn               (no ring)

@: no status effects
A: demonic touch 2
a: no special abilities


You were on level 3 of the Dungeon.
You visited 1 branch of the dungeon, and saw 3 of its levels.

You collected 104 gold pieces.

Inventory:

Hand Weapons
 a - a +0 long sword (weapon)
Armour
 b - a +0 scale mail (worn)
 c - a +0 buckler (worn)
 e - a +0 pair of gloves (worn)
Jewellery
 m - a +6 ring of intelligence
Wands
 d - a wand of charming (11)
Scrolls
 h - a scroll of identify
 i - a scroll of poison {unknown}
 o - a scroll of vulnerability {unknown}
 q - a scroll of amnesia
Potions
 f - a potion of haste
 g - 2 potions of lignification
 j - 2 potions of curing {unknown}
 k - a potion of magic
 l - 2 potions of invisibility {unknown}
 n - a potion of berserk rage {unknown}
 p - a potion of heal wounds {unknown}


   Skills:
 + Level 3.5 Fighting
 + Level 3.1 Long Blades
 + Level 3.3 Armour
 + Level 1.4 Dodging
 + Level 0.2 Stealth
 + Level 3.0 Shields


You had 3 spell levels left.
You didn't know any spells.
Your spell library contained the following spells:

 Spells                   Type           Power      Damage    Failure   Level
 Call Canine Familiar     Summ           0%         N/A       99%         3
 Portal Projectile        Hex/Tloc       0%         N/A       99%         3
 Leda's Liquefaction      Hex/Erth       0%         N/A       100%        4


Dungeon Overview and Level Annotations

Branches:
Dungeon (3/15)

Altars:


Innate Abilities, Weirdness & Mutations

Your touch may inflict irresistible damage on your foes.


Message History

The orc wizard is heavily wounded.
The orc wizard hits you with a +0 dagger.
You barely miss the orc wizard.
The orc wizard is heavily wounded.
You block the orc wizard's attack.
You barely miss the orc wizard.
The orc wizard is heavily wounded.
The orc wizard points at you and mumbles some strange words.
You resist with some effort.
The orc wizard hits you but does no damage.
You hit the orc wizard but do no damage.
The orc wizard is heavily wounded.
The orc wizard closely misses you.
You completely miss the orc wizard.
The orc wizard is heavily wounded.
The orc wizard hits you with a +0 dagger.
You hit the orc wizard.
The orc wizard is severely wounded.
The orc wizard closely misses you.
You miss the orc wizard.
The orc wizard is severely wounded.
The orc wizard hits you with a +0 dagger.
* * * LOW HITPOINT WARNING * * *
The orc wizard hits you but does no damage.
You closely miss the orc wizard.
The orc wizard is severely wounded.
The orc wizard casts a spell at you. The magic dart hits you.
* * * LOW HITPOINT WARNING * * *
You closely miss the orc wizard.
The orc wizard is severely wounded.
The orc wizard gestures wildly while chanting.
The orc wizard flickers and vanishes!
Deactivating autopickup; reactivate with Ctrl-A.
You barely miss something. Something hits you.
* * * LOW HITPOINT WARNING * * *
You hear some strange, mumbled words.
A puff of flame appears from out of thin air!
The puff of flame hits you!
You die...

#############. #########
#......# #. ........#
#......######' .!..?...#
#............. ........#
#............. # ........#
#............. # ........#
#............. #
.....?.o#########.........
...
.......o{@............>...
####
.......o#########.........
........# #......... ####
........# #######'####.)..
...# ........#
#........###.### ...#
###########...............
...#
#...................###
...# #...................#
...# #...................#


You could see 3 orcs.

Vanquished Creatures
  An iguana (D:3)
  4 adders
  2 dart slugs
  2 orcs (D:3)
  9 endoplasms
  A giant cockroach (D:3)
  4 goblins
  5 hobgoblins
  6 jackals
  7 kobolds
  10 ball pythons
  4 bats
  3 frilled lizards (D:1)
  6 rats
64 creatures vanquished.

Notes
Turn   | Place    | Note
-------+----------+-------------------------------------------
     0 | D:1      | SensoryNuts the Demonspawn Fighter began the quest for the
                  | Orb.
     0 | D:1      | Reached XP level 1. HP: 18/18 MP: 1/1
   283 | D:1      | Gained mutation: Your touch may inflict minor irresistible
                  | damage on your foes. [demonic ancestry]
   283 | D:1      | Reached XP level 2. HP: 24/24 MP: 2/2
  1056 | D:1      | HP: 1/24 [rat (1)]
  1351 | D:2      | Reached XP level 3. HP: 26/29 MP: 3/3
  1395 | D:2      | Reached skill level 1 in Dodging
  2050 | D:2      | Gained mutation: Your touch may inflict irresistible damage
                  | on your foes. [demonic ancestry]
  2050 | D:2      | Reached XP level 4. HP: 26/35 MP: 4/4
  3199 | D:3      | HP: 1/35 [something (3)]
  3199 | D:3      | Killed from afar by an orc wizard

Illustrated notes

Levels and vault maps discovered:
D:1:      saegor_arrival_simple_d, layout_rooms
D:2:      layout_rooms
D:3:      layout_basic, elyvilon_altar_3

Skill      XL: |  1  2  3  4 |
---------------+-------------+-----
Long Blades    | 2 3 |  3.1
Dodging        | 1 |  1.4
Armour         | 3 |  3.3
Shields        | 3 |  3.0
Fighting       | |  3.5
Stealth        | |  0.2

Action                   |  1- 3 |  4- 6 || total
-------------------------+-------+-------++-------
Melee: Long sword        |   148 |    91 ||   239
  Use: Potion            |     1 |       ||     1
       Scroll            |       |     9 ||     9
Armor: Scale mail        |    89 |    54 ||   143
Dodge: Dodged            |    70 |    51 ||   121
Block: Buckler           |    41 |    21 ||    62
